AoeStats
← Malelf

Arabia

507846196Analyzed
1v1 RM · 12d ago on Sep 19, 2026· 56m 2s· 2 players
Game mode
Random Map
Map size
Tiny (2 player)
Population
200
Speed
Normal
Resources
Standard
Victory
Conquest
Starting age
Dark Age
Ending age
Imperial Age
RankedLock teamsTeams togetherTeam positionsShared explorationLock speedFull tech treeHidden civsTurbo modeCheats
Victory
Defeat
🇮🇹 Goths · Italy
1700
+14
🇷🇴 Aztecs · Romania
1654
-14
Mihail
6:57 Loom
9:36 Feudal Age
11:30 Double-Bit Axe
13:28 Horse Collar
22:15 Castle Age
20:40 Fletching
22:34 Gold Mining
22:53 Scale Mail Armor
23:54 Bow Saw
24:21 Wheelbarrow
25:55 Hand Cart
29:55 Squires
30:58 Chain Mail Armor
32:59 Forging
32:13 Eagle Warrior
33:04 Arson
37:53 Imperial Age
35:09 Town Watch
36:15 Heavy Plow
36:07 Elite Skirmisher
37:36 Atlatl
37:38 Bodkin Arrow
37:43 Padded Archer Armor
38:40 Bracer
39:20 Leather Archer Armor
40:25 Conscription
40:42 Redemption
40:53 Block Printing
41:05 Illumination
41:26 Plate Mail Armor
42:01 Theocracy
41:47 Sanctity
41:38 Fervor
42:56 Ballistics
43:36 Chemistry
44:42 Iron Casting
43:50 Treadmill Crane
44:07 Treadmill Crane
46:05 Elite Eagle Warrior
47:02 Devotion
46:59 Elite Jaguar Warrior
48:00 Conscription
48:01 Garland Wars
50:49 Blast Furnace
49:33 Man-at-Arms
49:59 Gambesons
50:15 Long Swordsman
50:48 Two-Handed Swordsman
51:25 Champion
Malelf
1:05 Loom
11:19 Feudal Age
11:27 Man-at-Arms
11:53 Double-Bit Axe
12:18 Horse Collar
13:28 Fletching
21:34 Castle Age
20:01 Padded Archer Armor
20:14 Gold Mining
22:35 Bow Saw
22:27 Heavy Plow
22:52 Stone Mining
23:54 Wheelbarrow
31:58 Imperial Age
34:03 Chemistry
33:47 Leather Archer Armor
33:38 Bodkin Arrow
35:56 Two-Man Saw
35:28 Crop Rotation
40:31 Town Watch
43:38 Hand Cart
44:10 Scale Mail Armor
44:17 Perfusion
45:17 Conscription
45:06 Anarchy
45:40 Forging
45:33 Squires
46:41 Chain Mail Armor
47:41 Iron Casting
47:37 Ring Archer Armor
47:18 Elite Huskarl
48:19 Conscription
48:20 Devotion
49:36 Guilds
51:08 Pikeman
52:34 Stone Shaft Mining
56:07 Bracer
56:35 Ballistics
56:27 Masonry
Connection lost

Rejoining the realm…

Still unreachable

The connection could not be restored.

Session expired

The server has moved on; the page needs a fresh start.